 Dungeon Crawl Stone Soup version 0.29.1 (webtiles) character file.

Game seed: 2080861605820526236

390 sleeves the Ruffian (level 6, 0/51 HPs)
             Began as a Ghoul Fighter on Sept 14, 2022.
             Frozen to death by an endoplasm (2 damage)
             ... on level 3 of the Dungeon.
             The game lasted 00:02:19 (2197 turns).

sleeves the Ruffian (Ghoul Fighter)                 Turns: 2197, Time: 00:02:20

Health: 0/51       AC:  6    Str: 32    XL:     6   Next: 80%
Magic:  5/5        EV:  9    Int:  5    God:
Gold:   98         SH:  4    Dex:  8    Spells: 5/5 levels left

rFire   . . .      SeeInvis .     - Unarmed
rCold   + . .      Faith    .   b - +0 buckler
rNeg    + + +      Spirit   .   a - +0 scale mail
rPois   ∞          Reflect  .   (no helmet)
rElec   .          Harm     .   (no cloak)
rCorr   .          Rampage  .   (no gloves)
Will    .....                   (no boots)
Stlth   ..........              g - amulet of magic regeneration
HPRegen 0.00/turn               h - +6 ring of strength
MPRegen 0.49/turn               i - +6 ring of strength

@: mighty, inhibited regen
A: claws 1, cold resistance 1, negative energy resistance 3, inhibited
regeneration, torment resistance 2, devour on kill
a: no special abilities


You were on level 3 of the Dungeon.
You visited 1 branch of the dungeon, and saw 3 of its levels.

You collected 98 gold pieces.

Inventory:

Armour
 a - a +0 scale mail (worn)
 b - a +0 buckler (worn)
Jewellery
 g - an amulet of magic regeneration (around neck)
   (You found it on level 2 of the Dungeon)
 h - a +6 ring of strength (left claw)
   (You found it on level 2 of the Dungeon)
 i - a +6 ring of strength (right claw)
   (You found it on level 2 of the Dungeon)
Wands
 l - a wand of digging (6)
   (You took it off Grinder on level 3 of the Dungeon)
Scrolls
 f - a scroll of blinking {unknown}
 k - a scroll of fear {unknown}
Potions
 d - a potion of flight {unknown}
 e - a potion of curing {unknown}
 j - 3 potions of heal wounds {unknown}
 m - a potion of mutation {unknown}
 n - a potion of attraction {unknown}


   Skills:
 - Level 3.2 Fighting
 - Level 2.6 Armour
 - Level 2.6 Shields
 + Level 7.7 Unarmed Combat


You had 5 spell levels left.
You didn't know any spells.
Your spell library was empty.

Dungeon Overview and Level Annotations

Branches:
Dungeon (3/15)

Altars:

Shops:
D:2 *


Innate Abilities, Weirdness & Mutations

You are immune to poison.
You have sharp fingernails.
Your flesh is cold resistant. (rC+)
You are immune to negative energy. (rN+++)
You do not regenerate when monsters are visible.
You are immune to unholy pain and torment.
You thrive by killing the living.


Message History

You scratch the endoplasm.
You kill the endoplasm!
Your Unarmed Combat skill increases to level 3!
You have reached level 2!
You now have 24 gold pieces (gained 5).
A goblin comes into view. It is wielding a +0 dagger.
The goblin shouts!
A goblin is nearby!
A goblin is nearby!
A goblin is nearby!
You closely miss the goblin. You block the goblin's attack.
You claw the goblin!
You kill the goblin!
No target in view!
No target in view!
Things that are here:
a +0 dagger; a goblin corpse A kobold comes into view.
It is wielding a +0 short sword.
The kobold shouts!
The kobold moves out of view.
A kobold is nearby!
A kobold is nearby!
You closely miss the kobold.
The kobold hits you with a +0 short sword.
You closely miss the kobold.
The kobold hits you with a +0 short sword.
You claw the kobold!
You kill the kobold!
You feel better.
No target in view!
No target in view!
A jackal comes into view.
Found 10 gold pieces.
The jackal barks!
You hear a bark!
You see here a +0 short sword.
A jackal is nearby!
A jackal is nearby!
A jackal comes into view.
The jackal bites you but does no damage.
The jackal closely misses you.
You scratch the jackal.
You kill the jackal!
The jackal closely misses you.
You see here a jackal corpse.
You scratch the jackal but do no damage.
The jackal barely misses you. You block the jackal's attack.
You claw the jackal!
You kill the jackal!
No target in view!
A jackal comes into view.
A jackal is nearby!
A jackal is nearby!
A jackal is nearby!
A jackal is nearby!
You scratch the jackal but do no damage.
The jackal bites you but does no damage.
You claw the jackal!
You kill the jackal!
No target in view!
No target in view!
Found a scale mail.
You now have 34 gold pieces (gained 10).
You see here a +0 scale mail.
f - a scroll labelled HECSOB ENYU You see here a staff of poison.
A hobgoblin comes into view.
The hobgoblin shouts!
The hobgoblin hits you.
You scratch the hobgoblin.
The hobgoblin is almost dead.
The hobgoblin hits you.
You scratch the hobgoblin.
You kill the hobgoblin!
A rat comes into view.
A rat is nearby!
A rat is nearby!
The rat bites you but does no damage.
You claw the rat!
You kill the rat!
You feel better.
No target in view!
No target in view!
No target in view!
No target in view!
No target in view!
No target in view!
No target in view!
You see here a rat corpse.
You now have 53 gold pieces (gained 19).
A bat comes into view.
A bat is nearby!
A bat is nearby!
The bat hits you but does no damage.
You miss the bat. The bat hits you but does no damage.
The bat hits you but does no damage. The bat hits you. The bat hits you.
You scratch the bat.
The bat is severely wounded.
You block the bat's attack. The bat barely misses you.
You block the bat's attack. The bat hits you but does no damage. x2
You claw the bat!
You kill the bat!
No target in view!
Things that are here:
a +0 dagger; a goblin skeleton A rat comes into view.
A rat is nearby!
The rat bites you but does no damage.
You closely miss the rat. You block the rat's attack.
You barely miss the rat. The rat bites you.
You barely miss the rat. The rat bites you but does no damage.
A rat is nearby!
A rat is nearby!
A rat is nearby!
You scratch the rat.
You kill the rat!
No target in view!
No target in view!
No target in view!
No target in view!
No target in view!
No target in view!
No target in view!
A giant cockroach comes into view.
A giant cockroach is nearby!
A giant cockroach is nearby!
You closely miss the giant cockroach. The giant cockroach barely misses you.
You scratch the giant cockroach but do no damage.
The giant cockroach bites you but does no damage.
You claw the giant cockroach!
You kill the giant cockroach!
No target in view!
No target in view!
No target in view!
No target in view!
A frilled lizard comes into view.
A frilled lizard is nearby!
A frilled lizard is nearby!
The frilled lizard hisses.
You block the frilled lizard's attack.
You barely miss the frilled lizard. The frilled lizard closely misses you.
You scratch the frilled lizard.
You kill the frilled lizard!
No target in view!
No target in view!
No target in view!
No target in view!
No target in view!
No target in view!
A goblin comes into view. It is wielding a +0 club.
The goblin shouts!
A goblin is nearby!
A goblin is nearby!
The goblin hits you with a +0 club.
You scratch the goblin but do no damage.
The goblin hits you with a +0 club.
You closely miss the goblin. The goblin hits you but does no damage.
You closely miss the goblin. The goblin hits you but does no damage.
You closely miss the goblin. You block the goblin's attack.
You barely miss the goblin. The goblin hits you with a +0 club.
You barely miss the goblin. The goblin hits you but does no damage.
You claw the goblin!
You kill the goblin!
No target in view!
Things that are here:
a +0 club; a goblin corpse You enter the shallow water.
Moving in this stuff is going to be slow.
You open the door.
Done exploring.
Done exploring.
No target in view!
Done exploring.
Done exploring.
(D) Dungeon
Where to? (? - help)
You see here a +0 club.
There is a stone staircase leading down here.
You climb downwards.
There is a stone staircase leading up here.
A hobgoblin comes into view.
A hobgoblin is nearby!
A hobgoblin is nearby!
Found a stone staircase leading down.
The hobgoblin hits you but does no damage.
You closely miss the hobgoblin.
The hobgoblin hits you but does no damage.
You scratch the hobgoblin.
You kill the hobgoblin!
No target in view!
No target in view!
g - an amulet of magic regeneration You start putting on your amulet.
You continue putting on your amulet of magic regeneration. x5
You finish putting on your amulet of magic regeneration.
g - an amulet of magic regeneration (around neck)
A frilled lizard comes into view.
The frilled lizard hisses angrily.
A frilled lizard is nearby!
A frilled lizard is nearby!
The frilled lizard bites you.
You scratch the frilled lizard.
You kill the frilled lizard!
You feel better.
You have reached level 3!
Your experience leads to an increase in your attributes!
Increase (S)trength, (I)ntelligence, or (D)exterity?
You feel clever. x2
You see here a frilled lizard corpse.
A quokka comes into view.
Found a mace.
A quokka is nearby!
A quokka is nearby!
The quokka bites you but does no damage.
The quokka misses you.
You scratch the quokka but do no damage.
The quokka bites you.
You scratch the quokka.
You kill the quokka!
No target in view!
No target in view!
No target in view!
No target in view!
HP restored.
You see here a quokka corpse.
A hobgoblin comes into view.
A hobgoblin is nearby!
A hobgoblin is nearby!
The hobgoblin hits you but does no damage.
You scratch the hobgoblin.
The hobgoblin is moderately wounded.
You block the hobgoblin's attack.
You scratch the hobgoblin.
The hobgoblin is severely wounded.
The hobgoblin hits you but does no damage.
You scratch the hobgoblin but do no damage.
The hobgoblin is severely wounded.
The hobgoblin hits you but does no damage.
You scratch the hobgoblin but do no damage.
The hobgoblin is severely wounded.
The hobgoblin completely misses you.
You scratch the hobgoblin.
You kill the hobgoblin!
No target in view!
No target in view!
No target in view!
Found a stone staircase leading up.
There is a stone staircase leading up here.
An endoplasm comes into view.
Found a bone ring.
Found a stone staircase leading up.
An endoplasm is nearby!
Found 5 stones.
The endoplasm hits you but does no damage.
You see here a +6 ring of strength.
You claw the endoplasm!
You kill the endoplasm!
No target in view!
No target in view!
No target in view!
No target in view!
No target in view!
No target in view!
No target in view!
No target in view!
h - a +6 ring of strength An endoplasm comes into view.
An endoplasm is nearby!
You feel stronger.
h - a +6 ring of strength (left claw)
The endoplasm quivers.
The endoplasm jiggles.
A goblin comes into view. It is wielding a +0 dagger.
The goblin shouts!
The endoplasm hits you but does no damage.
You scratch the endoplasm but do no damage.
The endoplasm freezes you.
You are frozen.
You resist.
You scratch the endoplasm.
The endoplasm is almost dead.
The endoplasm barely misses you.
You claw the endoplasm!
You kill the endoplasm!
You feel better. The goblin hits you but does no damage.
You scratch the goblin.
You kill the goblin!
You feel better.
No target in view!
No target in view!
No target in view!
No target in view!
No target in view!
No target in view!
Things that are here:
a +0 dagger; 5 stones; a goblin corpse A worm comes into view.
A worm is nearby!
You scratch the worm but do no damage. You claw the worm!
The worm is heavily wounded.
The worm barely misses you.
You scratch the worm.
The worm is severely wounded.
You scratch the worm but do no damage.
The worm is severely wounded.
The worm bites you but does no damage.
You claw the worm!
You kill the worm!
Your Unarmed Combat skill increases to level 4!
No target in view!
No target in view!
No target in view!
No target in view!
No target in view!
You see here a worm corpse.
Found a stone staircase leading down.
There is a stone staircase leading down here.
A worm comes into view.
A ball python comes into view.
The ball python hisses angrily.
A bat comes into view.
The worm closely misses you.
You scratch the worm.
The worm is moderately wounded.
You claw the worm!
The worm is severely wounded.
The worm bites you but does no damage.
You scratch the worm.
The worm is severely wounded.
The worm bites you but does no damage.
You claw the worm!
You kill the worm!
The bat closely misses you.
A hobgoblin comes into view.
Found an amulet of magic regeneration.
The hobgoblin shouts!
The bat barely misses you.
The ball python bites you but does no damage.
The ball python barely misses you.
The hobgoblin moves out of view.
You claw the ball python!
You kill the ball python!
The bat barely misses you.
Found a hand axe and 6 stones.
The bat closely misses you. The hobgoblin barely misses you.
You completely miss the hobgoblin. The hobgoblin closely misses you.
The bat hits you but does no damage.
You claw the hobgoblin!
You kill the hobgoblin!
You block the bat's attack.
A bat is nearby!
A bat is nearby!
Found a +6 ring of strength.
The bat closely misses you.
You barely miss the bat. The bat barely misses you.
You miss the bat. You block the bat's attack.
You barely miss the bat. The bat barely misses you.
The bat hits you but does no damage. You block the bat's attack.
You closely miss the bat. The bat hits you but does no damage.
The bat closely misses you. The bat barely misses you.
You block the bat's attack.
You closely miss the bat. The bat hits you but does no damage.
The bat closely misses you. The bat hits you.
You closely miss the bat. The bat hits you. The bat misses you.
You claw the bat!
You kill the bat!
You feel better.
No target in view!
No target in view!
No target in view!
i - a +6 ring of strength You feel stronger.
i - a +6 ring of strength (right claw)
You see here a +0 hand axe.
You see here an amulet of magic regeneration.
A bat comes into view.
The bat moves out of view.
A bat and a frilled lizard come into view.
The frilled lizard hisses angrily.
There are monsters nearby!
You barely miss the frilled lizard. The frilled lizard barely misses you.
You scratch the bat.
You kill the bat!
The frilled lizard bites you but does no damage.
You claw the frilled lizard!
You kill the frilled lizard!
No target in view!
No target in view!
No target in view!
No target in view!
No target in view!
No target in view!
No target in view!
An endoplasm comes into view.
The endoplasm quivers.
An endoplasm is nearby!
The endoplasm hits you but does no damage.
You scratch the endoplasm.
The endoplasm is heavily wounded.
The endoplasm closely misses you.
You claw the endoplasm!
You kill the endoplasm!
No target in view!
No target in view!
No target in view!
No target in view!
No target in view!
No target in view!
No target in view!
No target in view!
A rat comes into view.
The rat bites you but does no damage.
A rat is nearby!
A rat is nearby!
You closely miss the rat. The rat barely misses you.
You claw the rat!
You kill the rat!
No target in view!
No target in view!
No target in view!
No target in view!
No target in view!
No target in view!
No target in view!
You see here a rat corpse.
An endoplasm comes into view.
The endoplasm quivers.
An endoplasm is nearby!
An endoplasm is nearby!
The endoplasm hits you.
You scratch the endoplasm.
You kill the endoplasm!
You feel better.
No target in view!
No target in view!
No target in view!
No target in view!
No target in view!
No target in view!
No target in view!
No target in view!
No target in view!
No target in view!
Found a stone staircase leading down.
There is a stone staircase leading down here.
You now have 61 gold pieces (gained 8).
Found an escape hatch in the floor.
A worm comes into view.
You block the worm's attack.
You claw the worm!
The worm is heavily wounded.
You claw the worm!
You kill the worm!
No target in view!
No target in view!
No target in view!
No target in view!
No target in view!
No target in view!
No target in view!
No target in view!
No target in view!
No target in view!
A rat comes into view.
The rat moves out of view.
A rat is nearby!
A rat is nearby!
You barely miss the rat. The rat bites you but does no damage.
You scratch the rat.
The rat is heavily wounded.
You claw the rat!
You kill the rat!
No target in view!
No target in view!
No target in view!
No target in view!
No target in view!
No target in view!
Found an escape hatch in the ceiling.
j - 2 fuming blue potions
Found Bedghoale's General Store.
A bat comes into view.
You miss the bat. The bat barely misses you.
You closely miss the bat. The bat hits you but does no damage.
You claw the bat!
You kill the bat!
No target in view!
No target in view!
No target in view!
No target in view!
No target in view!
No target in view!
No target in view!
An adder comes into view.
The adder hisses angrily.
An adder is nearby!
An adder is nearby!
The adder completely misses you.
You see here a scroll labelled JIOTSATWIM.
You scratch the adder.
The adder is lightly wounded.
The adder closely misses you.
You claw the adder!
You kill the adder!
You have reached level 4!
k - a scroll labelled JIOTSATWIM
Found 6 stones.
An endoplasm comes into view.
The endoplasm quivers.
There is an entrance to Bedghoale's General Store here.
The endoplasm freezes you.
You are frozen.
You resist.
You scratch the endoplasm.
The endoplasm is moderately wounded.
The endoplasm hits you but does no damage.
You scratch the endoplasm.
The endoplasm is almost dead.
The endoplasm hits you but does no damage.
You scratch the endoplasm but do no damage.
The endoplasm is almost dead.
The endoplasm completely misses you.
You claw the endoplasm!
You kill the endoplasm!
No target in view!
No target in view!
No target in view!
No target in view!
No target in view!
No target in view!
No target in view!
There is an entrance to Bedghoale's General Store here.
You can access your shopping list by pressing '$'.
You see here 6 stones.
You see here 6 stones.
There is an entrance to Bedghoale's General Store here.
You see here 6 stones.
Key pressed, stopping explore.
A goblin comes into view. It is wielding a +0 dagger.
The goblin shouts!
A goblin is nearby!
A goblin is nearby!
The goblin hits you with a +0 dagger.
You barely miss the goblin. The goblin hits you but does no damage.
You claw the goblin!
You kill the goblin!
No target in view!
No target in view!
No target in view!
No target in view!
Things that are here:
a +0 dagger; a goblin corpse You see here an adder skeleton.
An adder comes into view.
The adder hisses angrily.
You hear a shout!
An adder is nearby!
An adder is nearby!
A goblin comes into view. It is wielding a +0 dagger.
You miss the adder. The adder barely misses you. x2
You scratch the adder.
The adder is moderately wounded.
The adder bites you but does no damage.
You closely miss the adder.
The adder is moderately wounded.
You block the adder's attack.
You completely miss the adder.
The adder is moderately wounded.
The adder bites you but does no damage.
You completely miss the adder.
The adder is moderately wounded.
The adder barely misses you. You block the adder's attack.
You closely miss the adder.
The adder is moderately wounded.
The adder barely misses you.
You closely miss the adder.
The adder is moderately wounded.
The adder bites you but does no damage.
You completely miss the adder.
The adder is moderately wounded.
The adder bites you.
You closely miss the adder.
The adder is moderately wounded.
The adder bites you but does no damage. x2
You claw the adder!
You kill the adder!
You feel better.
You scratch the goblin.
The goblin is moderately wounded.
The goblin hits you but does no damage.
You scratch the goblin.
You kill the goblin!
No target in view!
No target in view!
No target in view!
No target in view!
No target in view!
No target in view!
No target in view!
No target in view!
No target in view!
No target in view!
No target in view!
No target in view!
No target in view!
Things that are here:
a +0 dagger; a goblin corpse; an adder corpse Done exploring.
Done exploring.
Done exploring.
Done exploring.
No target in view!
(D) Dungeon
Where to? (Enter - D:2, ? - help)
There is a stone staircase leading down here.
You climb downwards.
The goblin shouts!
Found a sling and 18 gold pieces.
There is a stone staircase leading up here.
There are monsters nearby!
There are monsters nearby!
There are monsters nearby!
The goblin hits you but does no damage.
You scratch the goblin.
The goblin is moderately wounded.
You completely miss the goblin.
The goblin is moderately wounded.
The goblin barely misses you. The adder closely misses you.
You claw the goblin!
You kill the goblin!
The adder closely misses you.
You miss the adder. The adder closely misses you.
You scratch the adder.
The adder is moderately wounded.
The adder bites you but does no damage.
You scratch the adder but do no damage.
The adder is moderately wounded.
The adder closely misses you. You block the adder's attack.
You claw the adder!
You kill the adder!
Your Unarmed Combat skill increases to level 5!
No target in view!
No target in view!
No target in view!
No target in view!
No target in view!
No target in view!
No target in view!
No target in view!
No target in view!
No target in view!
No target in view!
No target in view!
No target in view!
You now have 79 gold pieces (gained 18).
Found a ring mail.
Terence the Incautious comes into view.
He is wielding a +0 short sword and wearing a +0 chain mail of poison resistance.
Terence is nearby!
Terence is nearby!
You aren't carrying any items that you can evoke.
You claw Terence!
Terence is heavily wounded.
Terence barely misses you.
You claw Terence!
You kill Terence!
No target in view!
No target in view!
No target in view!
No target in view!
No target in view!
No target in view!
No target in view!
No target in view!
No target in view!
No target in view!
No target in view!
No target in view!
A goblin comes into view. It is wielding a +0 dagger.
The goblin shouts!
Things that are here:
a +0 short sword; a +0 chain mail of poison resistance; the human corpse of Terence A goblin is nearby!
A goblin is nearby!
A goblin is nearby!
The goblin hits you but does no damage.
You barely miss the goblin. The goblin closely misses you.
You barely miss the goblin. The goblin hits you with a +0 dagger.
You scratch the goblin.
The goblin is heavily wounded.
The goblin hits you with a +0 dagger.
You scratch the goblin.
You kill the goblin!
No target in view!
No target in view!
No target in view!
HP restored.
Things that are here:
a +0 dagger; a goblin corpse
Found a faded altar of an unknown god.
Found 5 stones.
Found a stone staircase leading down.
No target in view!
No target in view!
No target in view!
No target in view!
No target in view!
No target in view!
No target in view!
Found a stone staircase leading down.
A giant cockroach comes into view.
A giant cockroach is nearby!
You scratch the giant cockroach.
The giant cockroach is heavily wounded.
The giant cockroach barely misses you.
You closely miss the giant cockroach.
The giant cockroach is heavily wounded.
The giant cockroach bites you but does no damage.
You completely miss the giant cockroach.
The giant cockroach is heavily wounded.
The giant cockroach closely misses you.
You closely miss the giant cockroach.
The giant cockroach is heavily wounded.
The giant cockroach bites you but does no damage.
You scratch the giant cockroach.
The giant cockroach is almost dead.
The giant cockroach barely misses you.
You closely miss the giant cockroach.
The giant cockroach is almost dead.
The giant cockroach bites you but does no damage.
You claw the giant cockroach!
You kill the giant cockroach!
No target in view!
A kobold comes into view. It is wielding a +1 dagger of freezing.
The kobold shouts!
A kobold comes into view. It is wielding a +0 short sword.
There are monsters nearby!
There are monsters nearby!
A bat comes into view.
The kobold shouts!
The kobold throws a stone.
The stone closely misses you. The bat barely misses you.
You scratch the bat.
You kill the bat!
You scratch the kobold.
The kobold is severely wounded.
You claw the kobold!
You kill the kobold!
The kobold throws a stone.
The stone closely misses you.
Things that are here:
a +1 dagger of freezing; a stone You scratch the kobold.
The kobold is heavily wounded.
The kobold completely misses you.
You scratch the kobold.
The kobold is severely wounded.
The kobold completely misses you.
You scratch the kobold.
You kill the kobold!
No target in view!
No target in view!
No target in view!
No target in view!
No target in view!
No target in view!
No target in view!
No target in view!
No target in view!
No target in view!
Okay, then.
Things that are here:
a +0 short sword; 5 stones; a kobold corpse A kobold comes into view.
It is wielding a +0 dagger and quivering poisoned darts.
The kobold shouts!
A kobold is nearby!
A kobold is nearby!
The kobold throws a poisoned dart.
You block the poisoned dart.
A hobgoblin comes into view.
The hobgoblin shouts!
The kobold hits you but does no damage.
You scratch the kobold.
You kill the kobold!
You have reached level 5!
You feel stronger.
You claw the hobgoblin!
You kill the hobgoblin!
No target in view!
No target in view!
No target in view!
No target in view!
No target in view!
No target in view!
No target in view!
j - 3 fuming blue potions (gained 1)
Things that are here:
a +0 dagger; 3 poisoned darts; a hobgoblin corpse
Found a stone staircase leading up.
There is a stone staircase leading down here.
You see here a bat corpse.
There is a stone staircase leading down here.
A kobold comes into view. It is wielding a +0 dagger.
The kobold shouts!
The kobold throws a stone.
The stone hits you but does no damage.
A quokka comes into view.
The kobold throws a stone.
The stone barely misses you. The kobold hits you with a +0 dagger.
You scratch the kobold but do no damage.
You block the kobold's attack.
You barely miss the kobold. The kobold completely misses you.
You claw the quokka!
You kill the quokka!
The kobold closely misses you.
You scratch the kobold.
The kobold is severely wounded.
You block the kobold's attack.
You barely miss the kobold.
The kobold is severely wounded.
The kobold hits you with a +0 dagger.
You barely miss the kobold.
The kobold is severely wounded.
The kobold hits you with a +0 dagger.
You scratch the kobold.
You kill the kobold!
No target in view!
No target in view!
A giant cockroach comes into view.
A giant cockroach is nearby!
A giant cockroach is nearby!
A giant cockroach is nearby!
A giant cockroach is nearby!
You claw the giant cockroach!
You kill the giant cockroach!
No target in view!
No target in view!
No target in view!
No target in view!
No target in view!
No target in view!
No target in view!
No target in view!
You see here a giant cockroach corpse.
Grinder and a worm come into view.
Grinder is carrying a wand of digging (6).
Grinder shouts!
Grinder gestures at you. You resist with significant effort.
There are monsters nearby!
There are monsters nearby!
You see here a giant cockroach corpse.
Grinder is nearby!
You see here a giant cockroach corpse.
You barely miss Grinder. Grinder hits you.
You claw Grinder!
Grinder is moderately wounded.
Grinder hits you but does no damage.
Jessica the Apprentice Sorceress comes into view.
She is wielding a +1 dagger of freezing.
You barely miss Grinder.
Grinder is moderately wounded.
Jessica shouts!
Grinder hits you.
You claw Grinder!
Grinder is heavily wounded.
You closely miss Grinder.
Grinder is heavily wounded.
Grinder barely misses you.
You claw Grinder!
Grinder is almost dead.
Grinder hits you but does no damage.
You barely miss Grinder.
Grinder is almost dead.
Grinder hits you but does no damage.
You scratch Grinder but do no damage.
Grinder is almost dead.
Grinder barely misses you.
You scratch Grinder.
Grinder is almost dead.
Grinder hits you but does no damage.
You claw Grinder!
You kill Grinder!
Your Unarmed Combat skill gained 2 levels and is now at level 7!
You have reached level 6!
You scratch Jessica.
Jessica is moderately wounded.
Jessica hits you but does no damage.
You claw Jessica!
You kill Jessica!
You feel better. The worm bites you.
Items here: ! ) / [ †.
You scratch the worm.
The worm is moderately wounded.
The worm bites you.
You claw the worm!
The worm is severely wounded.
You mangle the worm!!
You kill the worm!
You feel better.
No target in view!
No target in view!
No target in view!
No target in view!
No target in view!
No target in view!
l - a wand of digging (6);
m - a bubbling yellow potion
Things that are here:
a +1 dagger of freezing; a +0 robe; the human corpse of Jessica
Found a spear.
Found an escape hatch in the floor.
Found an escape hatch in the ceiling.
You now have 90 gold pieces (gained 11).
n - a cyan potion No target in view!
A ball python comes into view.
The ball python hisses angrily.
A ball python is nearby!
A ball python is nearby!
The ball python barely misses you. You block the ball python's attack.
The ball python barely misses you. The ball python closely misses you.
You claw the ball python!
You kill the ball python!
No target in view!
No target in view!
No target in view!
No target in view!
You now have 98 gold pieces (gained 8). 3 orcs come into view.
An orc is wielding a +0 war axe of electrocution.
Found a stone staircase leading down.
The orc shouts! x2
An orc priest comes into view. It is wielding a +0 flail.
There are monsters nearby!
There are monsters nearby!
You start waiting.
An orc is nearby!
You closely miss the orc. The orc hits you but does no damage.
You claw the orc!
You kill the orc!
The orc priest shouts!
The orc barely misses you.
The orc hits you with a +0 war axe of electrocution.
You see here a +0 hand axe.
You claw the orc!
You kill the orc!
You feel better. The orc hits you but does no damage.
You claw the orc!
You kill the orc!
An endoplasm comes into view.
Found a stone staircase leading up.
The endoplasm quivers.
The orc priest invokes the aid of Beogh against you.
Beogh smites you!
You hear a shout!
You see here a +0 war axe of electrocution.
You are too injured to fight recklessly!
You are too injured to fight recklessly!
You are too injured to fight recklessly!
You are too injured to fight recklessly!
You are too injured to fight recklessly!
The orc priest hits you with a +0 flail.
You barely miss the orc priest.
An orc priest comes into view. It is wielding a +0 flail.
You block the orc priest's attack.
You barely miss the orc priest.
The orc priest hits you with a +0 flail.
You feel very mighty all of a sudden.
The orc priest hits you with a +0 flail.
You closely miss the orc priest. You block the orc priest's attack.
The orc priest closely misses you.
You scratch the orc priest.
The orc priest is moderately wounded.
The orc priest looks braver for a moment.
The orc priest hits you with a +0 flail.
* * * LOW HITPOINT WARNING * * *
The endoplasm hits you but does no damage.
You claw the orc priest!
You kill the orc priest!
You feel better.
The endoplasm hits you but does no damage.
The orc priest mumbles some strange prayers to Beogh against you.
Beogh smites you!
* * * LOW HITPOINT WARNING * * *
You claw the orc priest!
The orc priest is severely wounded.
The endoplasm freezes you.
You are frozen.
You resist.
* * * LOW HITPOINT WARNING * * *
The orc priest barely misses you.
You closely miss the orc priest.
The orc priest is severely wounded.
The endoplasm hits you.
* * * LOW HITPOINT WARNING * * *
The orc priest hits you with a +0 flail.
* * * LOW HITPOINT WARNING * * *
You closely miss the orc priest.
The orc priest is severely wounded.
The endoplasm hits you.
* * * LOW HITPOINT WARNING * * *
The orc priest hits you with a +0 flail.
* * * LOW HITPOINT WARNING * * *
You closely miss the orc priest.
The orc priest is severely wounded.
The orc priest barely misses you. The endoplasm freezes you.
You are frozen.
You resist.
You die...

..#........
#.#
..........>
#.#
#.##......)
#.# #.#
#...###
######.#
..# #.##
###
#......#
### ..
#.###### #.
#.# ##
..<#.#J##)#
.##
......o@))#
..##
.....#)####
...# ...
... ..### .
..... ....#
..>..##
.##.# ...##
.##.# #.#
.##.# ##
.##.#


You could see an orc priest and an endoplasm.

Vanquished Creatures
  Grinder (D:3)
  An orc priest (D:3)
  Jessica (D:3)
  Terence (D:3)
  3 adders
  4 worms
  3 orcs (D:3)
  6 bats
  8 endoplasms
  3 giant cockroaches
  8 goblins
  5 hobgoblins
  3 jackals (D:1)
  2 quokkas
  2 ball pythons
  4 frilled lizards
  5 kobolds
  4 rats
64 creatures vanquished.

Notes
Turn   | Place    | Note
-------+----------+-------------------------------------------
     0 | D:1      | sleeves the Ghoul Fighter began the quest for the Orb.
     0 | D:1      | Reached XP level 1. HP: 19/19 MP: 0/0
   269 | D:1      | Reached skill level 3 in Unarmed Combat
   269 | D:1      | Reached XP level 2. HP: 23/26 MP: 1/1
   950 | D:2      | Reached XP level 3. HP: 31/31 MP: 2/2
  1121 | D:2      | Reached skill level 4 in Unarmed Combat
  1341 | D:2      | Found Bedghoale's General Store.
  1350 | D:2      | Reached XP level 4. HP: 38/38 MP: 3/3
  1678 | D:3      | Reached skill level 5 in Unarmed Combat
  1686 | D:3      | Noticed Terence
  1691 | D:3      | Killed Terence
  1718 | D:3      | Found a faded altar of an unknown god.
  1802 | D:3      | Reached XP level 5. HP: 45/45 MP: 4/4
  1930 | D:3      | Noticed Grinder
  1935 | D:3      | Noticed Jessica
  1943 | D:3      | Killed Grinder
  1944 | D:3      | Reached skill level 7 in Unarmed Combat
  1944 | D:3      | Reached XP level 6. HP: 38/51 MP: 5/5
  1945 | D:3      | Killed Jessica
  2192 | D:3      | HP: 25/51 [orc priest/+0 flail (2)]
  2195 | D:3      | HP: 12/51 [endoplasm (2)]
  2196 | D:3      | HP: 5/51 [endoplasm (2)]
  2196 | D:3      | HP: 2/51 [orc priest/+0 flail (3)]
  2197 | D:3      | Frozen to death by an endoplasm

Illustrated notes

Levels and vault maps discovered:
D:1:      dpeg_arrival_erosion, layout_loops_ring, nrook_mini_backslash,
          fountainhead
D:2:      layout_loops_ring, serial_shops, nicolae_diamond_shop
D:3:      layout_loops_cross, hellmonk_ecumenical_altar_leap_of_faith,
          uniq_grinder, uniq_jessica, uniq_terence

Skill      XL: |  1  2  3  4  5 |
---------------+----------------+-----
Unarmed Combat | 3 4 5 7 |  7.7
Fighting       | |  3.2
Armour         | |  2.6
Shields        | |  2.6

Action                   |  1- 3 |  4- 6 || total
-------------------------+-------+-------++-------
Melee: Unarmed           |   106 |    83 ||   189
  Use: Potion            |       |     1 ||     1
Armor: Scale mail        |    42 |    26 ||    68
Dodge: Dodged            |    36 |    32 ||    68
Block: Buckler           |    17 |     9 ||    26
